NCAA
NOTRE DAME FIGHTING IRISH @ INDIANA HOOSIERS
05/11/2024
 
TOP OF THE 1ST
Notre Dame Fighting Irish batting - Pitching for Indiana Hoosiers : LHP John Johnston
Pitching: LHP John Johnston
Batting: RHB António Muńóz 0-0: Called Strike
0-1: SINGLE (Line Drive, 7LS)
Batting: SHB Joe Gallagher 0-0: Ball
1-0: Foul Ball, location: 2F
1-1: SINGLE (Line Drive, 34D)
António Muńóz to second
Batting: RHB Doug Coleman 0-0: Called Strike
0-1: Grounds into double play, 6-4-3 (Groundball, 6)
António Muńóz to third
Batting: RHB Carlos Gómez 0-0: Ball
1-0: Fly out, F9 (Line Drive, 89M)
Top of the 1st over - 0 run(s), 2 hit(s), 0 error(s), 1 left on base; Notre Dame 0 - Indiana 0
BOTTOM OF THE 1ST
Indiana Hoosiers batting - Pitching for Notre Dame Fighting Irish : LHP Arthur Coventry
Pitching: LHP Arthur Coventry
Batting: LHB Arturo Álvarez 0-0: Ball
1-0: Ball
2-0: SINGLE (Flyball, 8RS)
Batting: RHB Tom McCoy 0-0: Called Strike
Arturo Álvarez is caught stealing 2nd base
0-1: Fly out, F4 (Popup, 34D)
Batting: LHB Randy Ortíz 0-0: Called Strike
0-1: Fly out, F7 (Line Drive, 7S)
Bottom of the 1st over - 0 run(s), 1 hit(s), 0 error(s), 0 left on base; Notre Dame 0 - Indiana 0
TOP OF THE 2ND
Notre Dame Fighting Irish batting - Pitching for Indiana Hoosiers : LHP John Johnston
Batting: LHB George Smith 0-0: Called Strike
0-1: Swinging Strike
0-2: Ground out U3 (Groundball, 3)
Batting: RHB Tony Parker 0-0: Ground out 4-3 (Groundball, 13)
Batting: SHB Forest Cruz 0-0: Ball
1-0: Foul Ball, location: 2F
1-1: Foul Ball, location: 2F
1-2: Ball
2-2: Ground out 4-3 (Groundball, 34)
Top of the 2nd over - 0 run(s), 0 hit(s), 0 error(s), 0 left on base; Notre Dame 0 - Indiana 0
BOTTOM OF THE 2ND
Indiana Hoosiers batting - Pitching for Notre Dame Fighting Irish : LHP Arthur Coventry
Batting: RHB Gus Bryant 0-0: Ball
1-0: Ball
2-0: Ball
3-0: Base on Balls
Batting: RHB Stephen Concepción 0-0: Ball
1-0: Ball
2-0: Ball
3-0: Called Strike
3-1: Called Strike
3-2: Base on Balls
Gus Bryant to second
Batting: RHB Wayne Carter 0-0: Foul Ball, location: 2F
0-1: Ball
1-1: Ball
2-1: Swinging Strike
2-2: Ball
3-2: Base on Balls
Gus Bryant to third
Stephen Concepción to second
Batting: RHB Jaime Morán 0-0: Called Strike
0-1: Called Strike
0-2: Ball
1-2: Ball
2-2: Fly out, F9 (Flyball, 9D)
Runner from 3rd tags up, SCORES, no throw
Batting: LHB Dave Joyner 0-0: Called Strike
0-1: SINGLE (Groundball, 34D)
Stephen Concepción to third
Wayne Carter to second
Batting: RHB Armando Bernard 0-0: Foul Ball, location: 2F
0-1: Ball
1-1: Swinging Strike
1-2: Foul Ball, location: 2F
1-2: Ball
2-2: Ball
3-2: SINGLE (Groundball, 56) (infield hit)
Stephen Concepción scores
Wayne Carter to third
Dave Joyner to second
Batting: LHB Arturo Álvarez 0-0: Called Strike
0-1: Fly out, F5 (Popup, 5SF)
Batting: RHB Tom McCoy 0-0: Fly out, F9 (Flyball, 9LMF)
Bottom of the 2nd over - 2 run(s), 2 hit(s), 0 error(s), 3 left on base; Notre Dame 0 - Indiana 2
TOP OF THE 3RD
Notre Dame Fighting Irish batting - Pitching for Indiana Hoosiers : LHP John Johnston
Batting: RHB Ron Walters 0-0: Called Strike
0-1: Foul Ball, location: 2F
0-2: Ball
1-2: Strikes out swinging
Batting: RHB Ralph Gentry 0-0: Ball
1-0: Ball
2-0: Ground out 5-3 (Groundball, 5)
Batting: RHB António Muńóz 0-0: Called Strike
0-1: Foul Ball, location: 2F
0-2: Ball
1-2: Fly out, F9 (Line Drive, 9M)
Top of the 3rd over - 0 run(s), 0 hit(s), 0 error(s), 0 left on base; Notre Dame 0 - Indiana 2
BOTTOM OF THE 3RD
Indiana Hoosiers batting - Pitching for Notre Dame Fighting Irish : LHP Arthur Coventry
Batting: LHB Randy Ortíz 0-0: Foul Ball, location: 2F
0-1: Ball
1-1: Ball
2-1: Foul Ball, location: 2F
2-2: Ball
3-2: Base on Balls
Batting: RHB Gus Bryant 0-0: Fielders Choice at 2nd, 1-6 (Groundball, 15)
Batting: RHB Stephen Concepción 0-0: Called Strike
0-1: SINGLE (Flyball, 78S)
Gus Bryant to second
Batting: RHB Wayne Carter 0-0: Ball
1-0: Called Strike
1-1: Foul Ball, location: 2F
1-2: Foul Ball, location: 2F
1-2: Strikes out swinging
Batting: RHB Jaime Morán 0-0: Ball
1-0: Ball
2-0: Called Strike
2-1: Foul Ball, location: 2F
2-2: Ball
3-2: Base on Balls
Gus Bryant to third
Stephen Concepción to second
Batting: LHB Dave Joyner 0-0: Ball
1-0: Ground out U3 (Groundball, 3L)
Bottom of the 3rd over - 0 run(s), 1 hit(s), 0 error(s), 3 left on base; Notre Dame 0 - Indiana 2
TOP OF THE 4TH
Notre Dame Fighting Irish batting - Pitching for Indiana Hoosiers : LHP John Johnston
Batting: SHB Joe Gallagher 0-0: Ball
1-0: Ground out 5-3 (Groundball, 56S)
Batting: RHB Doug Coleman 0-0: Ball
1-0: Ball
2-0: Foul Ball, location: 2F
2-1: Foul Ball, location: 2F
2-2: Fly out, F6 (Popup, 4MD)
Batting: RHB Carlos Gómez 0-0: Ball
1-0: SINGLE (Groundball, 6MD)
Batting: LHB George Smith 0-0: Ball
Carlos Gómez steals 2nd base
1-0: Called Strike
1-1: SINGLE (Flyball, 9S) - OUT at second base trying to stretch hit.
Carlos Gómez scores
Top of the 4th over - 1 run(s), 2 hit(s), 0 error(s), 0 left on base; Notre Dame 1 - Indiana 2
BOTTOM OF THE 4TH
Indiana Hoosiers batting - Pitching for Notre Dame Fighting Irish : LHP Arthur Coventry
Batting: RHB Armando Bernard 0-0: Swinging Strike
0-1: DOUBLE (Flyball, 9LM)
Batting: LHB Arturo Álvarez 0-0: Ball
1-0: Ball
2-0: Ball
3-0: Called Strike
3-1: Called Strike
3-2: Foul Ball, location: 2F
3-2: SINGLE (Line Drive, 34D)
Armando Bernard to third
Batting: RHB Tom McCoy 0-0: Ball
1-0: Called Strike
1-1: Fielders Choice at 2nd, 1-6 (Groundball, 13S)
Batting: LHB Randy Ortíz 0-0: Ball
1-0: Ball
2-0: Ball
3-0: Base on Balls
Tom McCoy to second
Batting: RHB Gus Bryant 0-0: Called Strike
0-1: Swinging Strike
0-2: Ball
1-2: Ball
2-2: Ball
3-2: Ground out 5-3 (Groundball, 5S)
Armando Bernard scores
Tom McCoy to third
Randy Ortíz to second
Pitching: RHP Dax Campbell
Batting: RHB Stephen Concepción 0-0: Ball
1-0: Called Strike
1-1: Fly out, F8 (Flyball, 8LS)
Bottom of the 4th over - 1 run(s), 2 hit(s), 0 error(s), 2 left on base; Notre Dame 1 - Indiana 3
TOP OF THE 5TH
Notre Dame Fighting Irish batting - Pitching for Indiana Hoosiers : LHP John Johnston
Batting: RHB Tony Parker 0-0: SINGLE (Groundball, 5D)
Batting: SHB Forest Cruz 0-0: Ball
Pickoff Throw to First - Out!
1-0: Ball
2-0: Called Strike
2-1: Foul Ball, location: 2F
2-2: Ball
3-2: Fly out, F9 (Flyball, 89M)
Batting: RHB Ron Walters 0-0: Ball
1-0: Ball
2-0: Ball
3-0: Called Strike
3-1: Called Strike
3-2: SINGLE (Groundball, 34D)
Batting: RHB Ralph Gentry 0-0: Ball
1-0: Called Strike
1-1: Swinging Strike
1-2: Ball
2-2: Foul Ball, location: 2F
2-2: Fly out, F6 (Popup, 6S)
Top of the 5th over - 0 run(s), 2 hit(s), 0 error(s), 1 left on base; Notre Dame 1 - Indiana 3
BOTTOM OF THE 5TH
Indiana Hoosiers batting - Pitching for Notre Dame Fighting Irish : RHP Dax Campbell
Batting: RHB Wayne Carter 0-0: Ball
1-0: Called Strike
1-1: Called Strike
1-2: TRIPLE (Flyball, 89XD)
Batting: RHB Jaime Morán 0-0: Intentional Walk
Batting: LHB Dave Joyner 0-0: Ball
1-0: Ball
2-0: Ball
3-0: Called Strike
3-1: Fly out, F8 (Flyball, 8LS)
Batting: RHB Armando Bernard 0-0: Ball
1-0: Ball
2-0: Fly out, F6 (Line Drive, 6)
Batting: LHB Arturo Álvarez 0-0: Called Strike
0-1: Foul Ball, location: 2F
0-2: Ball
1-2: Foul Ball, location: 2F
1-2: Ball
2-2: Strikes out swinging
Bottom of the 5th over - 0 run(s), 1 hit(s), 0 error(s), 2 left on base; Notre Dame 1 - Indiana 3
TOP OF THE 6TH
Notre Dame Fighting Irish batting - Pitching for Indiana Hoosiers : LHP John Johnston
Batting: RHB António Muńóz 0-0: Ball
1-0: Called Strike
1-1: Ball
2-1: Swinging Strike
2-2: Strikes out swinging
Batting: SHB Joe Gallagher 0-0: Called Strike
0-1: Ground out 5-3 (Groundball, 6)
Batting: RHB Doug Coleman 0-0: Ball
1-0: Foul Ball, location: 2F
1-1: Ball
2-1: Foul Ball, location: 2F
2-2: Strikes out swinging
Top of the 6th over - 0 run(s), 0 hit(s), 0 error(s), 0 left on base; Notre Dame 1 - Indiana 3
BOTTOM OF THE 6TH
Indiana Hoosiers batting - Pitching for Notre Dame Fighting Irish : RHP Dax Campbell
Batting: RHB Tom McCoy 0-0: Swinging Strike
0-1: Fly out, F8 (Flyball, 8LM)
Batting: LHB Randy Ortíz 0-0: Ball
1-0: Ball
2-0: Foul Ball, location: 2F
2-1: Fly out, F8 (Flyball, 78M)
Batting: RHB Gus Bryant 0-0: Swinging Strike
0-1: Ball
1-1: SINGLE (Groundball, 56D)
Batting: RHB Stephen Concepción 0-0: Called Strike
0-1: Ball
1-1: Called Strike
1-2: Fly out, F7 (Flyball, 78M)
Bottom of the 6th over - 0 run(s), 1 hit(s), 0 error(s), 1 left on base; Notre Dame 1 - Indiana 3
TOP OF THE 7TH
Notre Dame Fighting Irish batting - Pitching for Indiana Hoosiers : LHP John Johnston
Batting: RHB Carlos Gómez 0-0: Ball
1-0: Ball
2-0: SINGLE (Line Drive, 9S)
Batting: LHB George Smith 0-0: Ball
1-0: Fielders Choice at 2nd, 3-6 (Groundball, 34)
Batting: RHB Tony Parker 0-0: Foul Ball, location: 2F
0-1: Swinging Strike
0-2: Ball
1-2: Ball
2-2: Foul Ball, location: 2F
2-2: Foul Ball, location: 2F
2-2: Ball
3-2: Base on Balls
George Smith to second
Pitching: LHP Vicente Hinojosa
Batting: SHB Forest Cruz 0-0: Ball
1-0: Ball
2-0: Ball
3-0: Called Strike
3-1: Swinging Strike
3-2: Strikes out swinging
Batting: RHB Ron Walters 0-0: Called Strike
0-1: Ball
1-1: Ball
2-1: Foul Ball, location: 2F
2-2: Ball
3-2: Foul Ball, location: 2F
3-2: Foul Ball, location: 2F
3-2: Foul Ball, location: 2F
3-2: Base on Balls
George Smith to third
Tony Parker to second
Batting: RHB Ralph Gentry 0-0: Ball
1-0: SINGLE (Flyball, 89M)
George Smith scores
Tony Parker to third
Ron Walters to second
Runner from 3rd tries for Home, SAFE, no throw or cutoff
Batting: RHB António Muńóz 0-0: Ground out 5-3 (Groundball, 5)
Top of the 7th over - 2 run(s), 2 hit(s), 0 error(s), 2 left on base; Notre Dame 3 - Indiana 3
BOTTOM OF THE 7TH
Indiana Hoosiers batting - Pitching for Notre Dame Fighting Irish : RHP Dax Campbell
Pitching: RHP Richard Thomas
Batting: RHB Wayne Carter 0-0: Ball
1-0: Ball
2-0: Ball
3-0: Base on Balls
Batting: RHB Jaime Morán 0-0: Called Strike
0-1: Bunted foul
0-2: Ball
Wild Pitch!
Wayne Carter to second
1-2: Ground out 5-3 (Groundball, 5S)
Wayne Carter to third
Batting: LHB Dave Joyner 0-0: Foul Ball, location: 2F
0-1: Ball
1-1: Swinging Strike
1-2: Ball
2-2: Strikes out looking
Batting: RHB Armando Bernard 0-0: Called Strike
0-1: Ball
1-1: Ground out 5-3 (Groundball, 56S)
Bottom of the 7th over - 0 run(s), 0 hit(s), 0 error(s), 1 left on base; Notre Dame 3 - Indiana 3
TOP OF THE 8TH
Notre Dame Fighting Irish batting - Pitching for Indiana Hoosiers : LHP Vicente Hinojosa
Batting: SHB Joe Gallagher 0-0: Foul Ball, location: 2F
0-1: Ball
1-1: Ball
2-1: TRIPLE (Flyball, 9LM)
Batting: RHB Doug Coleman 0-0: Intentional Walk
Pinch Hitting: SHB Tim Reid 0-0: Called Strike
0-1: Ball
1-1: Ball
2-1: Foul Ball, location: 2F
2-2: Fly out, F8 (Flyball, 8LM)
Batting: LHB George Smith 0-0: Called Strike
0-1: Called Strike
0-2: Grounds into double play, 4-6-3 (Groundball, 4)
Top of the 8th over - 0 run(s), 1 hit(s), 0 error(s), 1 left on base; Notre Dame 3 - Indiana 3
BOTTOM OF THE 8TH
Indiana Hoosiers batting - Pitching for Notre Dame Fighting Irish : RHP Richard Thomas
Now in LF: Ron Campbell
Batting: LHB Arturo Álvarez 0-0: Ball
1-0: Swinging Strike
1-1: Ball
2-1: Ball
3-1: Called Strike
3-2: Foul Ball, location: 2F
3-2: Foul Ball, location: 2F
3-2: Strikes out swinging
Batting: RHB Tom McCoy 0-0: Ball
1-0: Called Strike
1-1: Ball
2-1: Ball
3-1: Foul Ball, location: 2F
3-2: SINGLE (Groundball, 56D)
Batting: LHB Randy Ortíz 0-0: Ball
1-0: Called Strike
1-1: Foul Ball, location: 2F
1-2: Ball
2-2: 2-RUN HOME RUN (Flyball, 9D), Distance : 345 ft
Batting: RHB Gus Bryant 0-0: Called Strike
0-1: Swinging Strike
0-2: Foul Ball, location: 2F
0-2: Fly out, F4 (Popup, 34)
Pitching: RHP Gabe Mills
Batting: RHB Stephen Concepción 0-0: Foul Ball, location: 2F
0-1: Ball
1-1: Ball
2-1: Swinging Strike
2-2: Foul Ball, location: 2F
2-2: Strikes out swinging
Bottom of the 8th over - 2 run(s), 2 hit(s), 0 error(s), 0 left on base; Notre Dame 3 - Indiana 5
TOP OF THE 9TH
Notre Dame Fighting Irish batting - Pitching for Indiana Hoosiers : LHP Vicente Hinojosa
Pitching: RHP Lawrence Wilson
Batting: RHB Tony Parker 0-0: Ball
1-0: Called Strike
1-1: SINGLE (Line Drive, 6MD)
Batting: SHB Forest Cruz 0-0: Swinging Strike
0-1: Ball
1-1: Called Strike
1-2: Strikes out swinging
Batting: RHB Ron Walters 0-0: Called Strike
0-1: Ball
1-1: Ball
2-1: Called Strike
2-2: Strikes out looking
Batting: RHB Ralph Gentry 0-0: Called Strike
0-1: Ball
1-1: Ground out 4-3 (Groundball, 34)
Top of the 9th over - 0 run(s), 1 hit(s), 0 error(s), 1 left on base; Notre Dame 3 - Indiana 5
This league is powered by Out of the Park Baseball, the baseball management simulation game for PC, Mac and Linux
Saturday, April 9th, 2016 - OOTP Baseball 16.8 Build 38